[Event "*** SCC Grand Prix: Titled Tuesday Blitz"]
[Site "Chess.com"]
[Date "2020.07.07"]
[Round "4"]
[White "whodee11"]
[Black "Malysch"]
[Result "0-1"]
[WhiteElo "2317"]
[BlackElo "2503"]
[TimeControl "180+1"]
[EndTime "10:35:57 PDT"]
[Termination "Malysch won by resignation"]

1. e4 d5 2. exd5 Qxd5 3. Nc3 Qd6 4. Bc4 Nf6 5. d3 a6 6. a4 Nc6 7. Nge2 Bg4 8. h3 Bh5 9. g4 Bg6 10. f4 e6 11. Be3 O-O-O 12. Ng3 h5 13. g5 h4 14.
gxf6 hxg3 15. Qf3 Nd4 16. Bxd4 Qxd4 17. O-O-O Bh5 18. Qxg3 Bxd1 19. Rxd1 Qxf6 20. Ne4 Qh4 21. Qe3 Kb8 0-1

[Event "*** SCC Grand Prix: Titled Tuesday Blitz"]
[Site "Chess.com"]
[Date "2020.07.07"]
[Round "4"]
[White "Gahan-MG"]
[Black "GuuBol"]
[Result "1-0"]
[WhiteElo "2498"]
[BlackElo "2263"]
[TimeControl "180+1"]
[EndTime "10:36:04 PDT"]
[Termination "Gahan-MG won by resignation"]

1. e4 c5 2. Nf3 d6 3. d4 cxd4 4. Qxd4 Nf6 5. c4 Nc6 6. Qd3 g6 7. Nc3 Bg7 8. Bg5 O-O 9. Be2 b6 10.
O-O h6 11. Bf4 Ng4 12. Qd2 Kh7 13. Rac1 Be6 14. Nd5 Rc8 15. h3 Nge5 16. Nxe5 Nxe5 17. Be3 Bxd5 18. cxd5 f5 19. f4 Nd7 20. exf5 Rxf5 21. Bd3 Rf8 22. f5 Ne5 23. fxg6+ Nxg6 24. Bxg6+ Kxg6 25. Qd3+ 1-0

[Event "*** SCC Grand Prix: Titled Tuesday Blitz"]
[Site "Chess.com"]
[Date "2020.07.07"]
[Round "4"]
[White "Flawless_Fighter"]
[Black "Unknown_IM"]
[Result "1-0"]
[WhiteElo "2573"]
[BlackElo "2343"]
[TimeControl "180+1"]
[EndTime "10:36:04 PDT"]
[Termination "Flawless_Fighter won by resignation"]

1. e4 c5 2. Nf3 e6 3. g3 Nc6 4. Bg2 Nf6 5. Qe2 d5 6. exd5 Nxd5 7.
O-O Be7 8. Rd1 O-O 9. d4 Qc7 10.
dxc5 Bxc5 11. c4 Nf6 12. Nc3 a6 13. a3 Rd8 14. Bg5 Nd4 15. Nxd4 Bxd4 16. Ne4 Qe7 17. c5 h6 18. Bxf6 Bxf6 19. Rxd8+ Qxd8 20. Rd1 Qe7 21. Nxf6+ Qxf6 22. Rd6 Rb8 23. Qd3 g6 24. Rd8+ Kg7 25.
Qd6 1-0

[Event "*** SCC Grand Prix: Titled Tuesday Blitz"]
[Site "Chess.com"]
[Date "2020.07.07"]
[Round "4"]
[White "Godzillator"]
[Black "aNaartjieZA"]
[Result "0-1"]
[WhiteElo "2361"]
[BlackElo "2545"]
[TimeControl "180+1"]
[EndTime "10:36:05 PDT"]
[Termination "aNaartjieZA won by resignation"]

1. d4 Nf6 2. c4 c5 3. d5 e5 4. Nc3 d6 5. e4 Nbd7 6. Bd3 Be7 7. Nge2 h5 8. f3 h4 9. h3 Nh5 10. Be3 Bg5 11. Bf2 a6 12. Qc2 Nf4 13. Nxf4 Bxf4 14. Ne2 Qg5 15. Nxf4 exf4 16. Rg1 Ne5 17.
Be2 Qf6 18. Rb1 O-O 19. a3 Bd7 20. Kd2 Rfc8 21. Rgc1 b5 22. Ke1 Rcb8 23. b4 cxb4 24.
axb4 bxc4 25. Bxc4 Rc8 26. Qa2 Bb5 27. Bxb5 axb5 28.
Qe2 Nc4 29. Ra1 Rxa1 0-1

[Event "*** SCC Grand Prix: Titled Tuesday Blitz"]
[Site "Chess.com"]
[Date "2020.07.07"]
[Round "4"]
[White "Stosk"]
[Black "GelmanAlexander"]
[Result "1-0"]
[WhiteElo "2381"]
[BlackElo "2531"]
[TimeControl "180+1"]
[EndTime "10:36:14 PDT"]
[Termination "Stosk won by checkmate"]

1. e4 c5 2. Nf3 e6 3. d4 cxd4 4. Nxd4 a6 5. Nc3 d6 6. Bd3 Nd7 7. O-O b5 8. a4 b4 9. Na2 Bb7 10. Nxb4 Ngf6 11. Qe2 d5 12. Nbc6 Qb6 13. exd5 Nxd5 14.
a5 Qc5 15. Nxe6 fxe6 16. Qh5+ g6 17. Bxg6+ hxg6 18. Qxg6# 1-0

[Event "*** SCC Grand Prix: Titled Tuesday Blitz"]
[Site "Chess.com"]
[Date "2020.07.07"]
[Round "4"]
[White "vovachesss"]
[Black "Harsha_Bharathakoti"]
[Result "1-0"]
[WhiteElo "2571"]
[BlackElo "2789"]
[TimeControl "180+1"]
[EndTime "10:36:19 PDT"]
[Termination "vovachesss won by resignation"]

1. d4 d5 2. Nc3 Nf6 3. Bf4 e6 4. e3 a6 5. Nf3 c5 6. dxc5 Bxc5 7. Bd3 Nc6 8. O-O O-O 9. e4 d4 10. Ne2 Nh5 11. e5 Nxf4 12. Nxf4 b5 13. Qe2 Bb7 14.
Qe4 g6 15. Nh5 Be7 16. Qf4 Nb4 17. Qh6 1-0

[Event "*** SCC Grand Prix: Titled Tuesday Blitz"]
[Site "Chess.com"]
[Date "2020.07.07"]
[Round "4"]
[White "Kotofeyca"]
[Black "Jungle_Jaguar"]
[Result "0-1"]
[WhiteElo "2347"]
[BlackElo "2652"]
[TimeControl "180+1"]
[EndTime "10:36:20 PDT"]
[Termination "Jungle_Jaguar won by checkmate"]

1. d4 Nf6 2. c4 e6 3. Nf3 d5 4. Nc3 c6 5. cxd5 exd5 6. Bg5 Bb4 7. Qc2 Qa5 8. Bxf6 gxf6 9. e3 Bg4 10. Bd3 Nd7 11. O-O Bxf3 12. gxf3 O-O-O 13. a3 Bd6 14. b4 Qc7 15. f4 h5 16. Kh1 h4 17. b5 h3 18. bxc6 bxc6 19. Rab1 Nb6 20. a4 Rdg8 21. a5 Nc4 22. Bxc4 dxc4 23. Ne4 Bxf4 24. exf4 Qxf4 25. f3 Rg2 26. Rf2 Qxh2# 0-1

[Event "*** SCC Grand Prix: Titled Tuesday Blitz"]
[Site "Chess.com"]
[Date "2020.07.07"]
[Round "4"]
[White "Kaua18"]
[Black "j2806"]
[Result "1-0"]
[WhiteElo "2211"]
[BlackElo "2053"]
[TimeControl "180+1"]
[EndTime "10:36:20 PDT"]
[Termination "Kaua18 won by resignation"]

1. e4 c5 2. Nf3 d6 3. d4 cxd4 4. Nxd4 Nf6 5. Nc3 a6 6. Be2 e5 7. Nb3 Be6 8. O-O Be7 9. f4 exf4 10. Bxf4 Nc6 11. Nd4 Nxd4 12. Qxd4 Qc7 13. Rad1 Rd8 14.
Nd5 Bxd5 15. exd5 O-O 16. Bd3 Rde8 17. Bg5 Qd8 18. Qh4 g6 19. Bxf6 Bxf6 20. Qxf6 Qxf6 21. Rxf6 Rd8 22. Rdf1 b5 23. h4 h5 24. R1f4 1-0

[Event "*** SCC Grand Prix: Titled Tuesday Blitz"]
[Site "Chess.com"]
[Date "2020.07.07"]
[Round "4"]
[White "MasterKroket"]
[Black "aisha_zakirova"]
[Result "1-0"]
[WhiteElo "2398"]
[BlackElo "2131"]
[TimeControl "180+1"]
[EndTime "10:36:22 PDT"]
[Termination "MasterKroket won by resignation"]

1. d4 Nf6 2. c4 e6 3. Nf3 b6 4. a3 Ba6 5. Qc2 c6 6. e4 d5 7. e5 Ne4 8. Nbd2 Nxd2 9. Bxd2 Bb7 10. Bd3 Nd7 11. O-O Be7 12. b4 h6 13. c5 O-O 14. h3 a5 15. Rfc1 Ba6 16. Bxa6 Rxa6 17. b5 Ra7 18. bxc6 Nb8 19. cxb6 Qxb6 20. c7 Nd7 21.
c8=Q Rxc8 22. Qxc8+ Kh7 23. Rab1 Qa6 24. Qxa6 Rxa6 25.
Rc7 1-0

[Event "*** SCC Grand Prix: Titled Tuesday Blitz"]
[Site "Chess.com"]
[Date "2020.07.07"]
[Round "4"]
[White "nikitakhoroshev"]
[Black "Hikaru"]
[Result "0-1"]
[WhiteElo "2517"]
[BlackElo "3214"]
[TimeControl "180+1"]
[EndTime "10:36:28 PDT"]
[Termination "Hikaru won by resignation"]

1. d4 Nf6 2. c4 g6 3. Nc3 Bg7 4. e4 d6 5. Be2 O-O 6. Bg5 c5 7. d5 e6 8. Qd2 exd5 9. cxd5 a6 10. a4 Re8 11. f3 Qa5 12. Ra3 h5 13. Bf4 Qc7 14.
a5 Nbd7 15. Nh3 c4 16. Nf2 Nc5 17. Bxc4 Ncxe4 18. Ncxe4 Nxe4 19. fxe4 Qxc4 20. Bxd6 Bf5 21. Qb4 Qxb4+ 22. Bxb4 Bxe4 23. Nxe4 Rxe4+ 0-1

[Event "*** SCC Grand Prix: Titled Tuesday Blitz"]
[Site "Chess.com"]
[Date "2020.07.07"]
[Round "4"]
[White "fmshawnrl123"]
[Black "K-Nygren"]
[Result "1-0"]
[WhiteElo "2647"]
[BlackElo "2474"]
[TimeControl "180+1"]
[EndTime "10:36:32 PDT"]
[Termination "fmshawnrl123 won by resignation"]

1. c4 Nf6 2. g3 g6 3. Bg2 Bg7 4.
Nc3 O-O 5. e4 e5 6. Nge2 d6 7.
O-O c5 8. d3 Nc6 9. Nd5 Be6 10.
Bg5 Bxd5 11. cxd5 Ne7 12. Qd2 Nd7 13. Rab1 f6 14. Bh6 f5 15. Bxg7 Kxg7 16. f4 fxe4 17. dxe4 Qb6 18. Kh1 Rae8 19. b4 Qc7 20. Qb2 b6 21. fxe5 Nxe5 22. Nf4 Kg8 23. Ne6 Rxf1+ 24. Rxf1 1-0

[Event "*** SCC Grand Prix: Titled Tuesday Blitz"]
[Site "Chess.com"]
[Date "2020.07.07"]
[Round "4"]
[White "ExtremeLearner"]
[Black "Marty435"]
[Result "0-1"]
[WhiteElo "2331"]
[BlackElo "2515"]
[TimeControl "180+1"]
[EndTime "10:36:33 PDT"]
[Termination "Marty435 won by resignation"]

1. d4 d5 2. c4 Nc6 3. Nc3 Nf6 4. e3 e6 5. Nf3 Bb4 6. Bd2 O-O 7. Rc1 Ne7 8. Bd3 c5 9. cxd5 cxd4 10. Nxd4 Nexd5 11.
Nxd5 Bxd2+ 12. Qxd2 Qxd5 13. Bc4 Qxg2 14. Ke2 e5 15. Rcg1 Qh3 16. Nb5 Bg4+ 17. Ke1 Rad8 18. Nd6 Ne4 19. Nxe4 Rxd2 20. Nxd2 Be6 21. Rg3 Qf5 22.
Bxe6 Qxe6 23. Rhg1 g6 24. b3 Rc8 25. Ke2 Rc2 0-1

[Event "*** SCC Grand Prix: Titled Tuesday Blitz"]
[Site "Chess.com"]
[Date "2020.07.07"]
[Round "4"]
[White "CyberdelChess"]
[Black "MashaFromRussia"]
[Result "0-1"]
[WhiteElo "2246"]
[BlackElo "2436"]
[TimeControl "180+1"]
[EndTime "10:36:37 PDT"]
[Termination "MashaFromRussia won by resignation"]

1. e4 c5 2. Nf3 Nc6 3. d4 cxd4 4. Nxd4 Nf6 5. Nc3 e5 6. Ndb5 d6 7. Bg5 a6 8. Na3 b5 9. Nd5 Be7 10. Bxf6 Bxf6 11. c3 O-O 12. Nc2 Bg5 13. a4 bxa4 14. Rxa4 a5 15. Be2 Rb8 16. Ra2 Kh8 17. O-O f5 18.
exf5 Bxf5 19. Bg4 Bg6 20. Nce3 Bxe3 21. Nxe3 Rf4 22. Nd5 Rf7 23. Qa4 Bd3 24. Qxc6 Bxf1 25. Kxf1 Qg5 26. Ne3 Qxe3 0-1

[Event "*** SCC Grand Prix: Titled Tuesday Blitz"]
[Site "Chess.com"]
[Date "2020.07.07"]
[Round "4"]
[White "vanImpe"]
[Black "Artur0208"]
[Result "0-1"]
[WhiteElo "2448"]
[BlackElo "2774"]
[TimeControl "180+1"]
[EndTime "10:36:38 PDT"]
[Termination "Artur0208 won by resignation"]

1. g3 d5 2. Bg2 Nf6 3. c4 dxc4 4. Na3 e6 5. Nxc4 Be7 6. Nf3 O-O 7. O-O c5 8. b3 Nc6 9. Bb2 Nd5 10. d4 cxd4 11. Nxd4 Nxd4 12. Bxd4 b6 13. e4 Nf6 14. e5 Nd5 15.
Ne3 Bb7 16. Rc1 Ba3 17. Rc2 Qd7 18. Qg4 Rfc8 19. Nxd5 Bxd5 20. Rxc8+ Rxc8 21. Rd1 Bxg2 22. Kxg2 Rd8 23. Rd2 Qd5+ 24. Qf3 Bb4 25. Rd3 Bc5 26. Bxc5 Qxd3 27. Bd6 Qxf3+ 28. Kxf3 Rc8 29. Ke3 Rc2 30. Bb8 Rxa2 0-1

[Event "*** SCC Grand Prix: Titled Tuesday Blitz"]
[Site "Chess.com"]
[Date "2020.07.07"]
[Round "4"]
[White "VitaliyBernadskiy"]
[Black "SergeyKarjakin"]
[Result "0-1"]
[WhiteElo "2757"]
[BlackElo "2968"]
[TimeControl "180+1"]
[EndTime "10:36:40 PDT"]
[Termination "SergeyKarjakin won by resignation"]

1. e4 e5 2. Nf3 Nc6 3. Bb5 Nf6 4.
O-O Nxe4 5. d4 Nd6 6. dxe5 Nxb5 7. a4 Nbd4 8. Nxd4 d5 9. exd6 Bxd6 10. Nxc6 bxc6 11.
Qf3 O-O 12. Nc3 Qh4 13. h3 Re8 14. Be3 Bb7 15. Rfe1 h5 16. Rad1 Re6 17. Rd4 Qxd4 0-1

[Event "*** SCC Grand Prix: Titled Tuesday Blitz"]
[Site "Chess.com"]
[Date "2020.07.07"]
[Round "4"]
[White "jonaszmb"]
[Black "731291"]
[Result "1-0"]
[WhiteElo "2478"]
[BlackElo "2607"]
[TimeControl "180+1"]
[EndTime "10:36:53 PDT"]
[Termination "jonaszmb won by resignation"]

1. e4 c5 2. Nf3 e6 3. c3 d5 4. e5 Nc6 5. d4 Qb6 6. Na3 cxd4 7.
cxd4 Nh6 8. Nc2 Nf5 9. Bd3 Bd7 10. O-O Nfxd4 11. Nfxd4 Nxd4 12. Be3 Bc5 13. b4 Bxb4 14. Bxd4 Bc5 15. Rb1 Qc7 16. Bxc5 Qxc5 17. Rxb7 Bc6 18. Rb1 d4 19. Qg4 Qxe5 20. Nxd4 h5 21. Nxc6 Qc3 22. Qa4 O-O 23. Be4 1-0

[Event "*** SCC Grand Prix: Titled Tuesday Blitz"]
[Site "Chess.com"]
[Date "2020.07.07"]
[Round "4"]
[White "Region_07"]
[Black "Boudicca64"]
[Result "1-0"]
[WhiteElo "2365"]
[BlackElo "1804"]
[TimeControl "180+1"]
[EndTime "10:36:54 PDT"]
[Termination "Region_07 won by resignation"]

1. d4 g6 2. h4 Bg7 3. h5 c5 4. c3 cxd4 5. cxd4 Nc6 6. Nf3 d5 7. h6 Bf6 8. Nc3 Bg4 9. e3 e6 10. Qa4 Bxf3 11. gxf3 Qa5 12. Qb3 O-O-O 13. Bd2 Qb6 14.
Qxb6 axb6 15. Rc1 Bg5 16. Na4 Nxh6 17. f4 1-0

[Event "*** SCC Grand Prix: Titled Tuesday Blitz"]
[Site "Chess.com"]
[Date "2020.07.07"]
[Round "4"]
[White "yamalchess"]
[Black "Chessdemon2019"]
[Result "1-0"]
[WhiteElo "2451"]
[BlackElo "2284"]
[TimeControl "180+1"]
[EndTime "10:36:55 PDT"]
[Termination "yamalchess won by checkmate"]

1. d4 Nf6 2. c4 e6 3. Nc3 Bb4 4. Nf3 b6 5. g3 Bb7 6. Bg2 O-O 7. O-O Bxc3 8. bxc3 c5 9. d5 exd5 10. Nh4 d6 11.
cxd5 Nbd7 12. e4 b5 13. a4 a6 14. axb5 axb5 15. Rxa8 Qxa8 16. Nf5 Qa6 17. Bf4 Ne5 18. Bxe5 dxe5 19. Qd2 g6 20. Ne7+ Kg7 21. Qg5 h6 22. Nf5+ Kg8 23. Nxh6+ Kh7 24. f4 exf4 25. Rxf4 Nd7 26.
Nxf7 Rxf7 27. Rxf7+ Kg8 28. Rxd7 Bc8 29. Qd8# 1-0

[Event "*** SCC Grand Prix: Titled Tuesday Blitz"]
[Site "Chess.com"]
[Date "2020.07.07"]
[Round "4"]
[White "ArnieChipmunk"]
[Black "IsaacWiebe"]
[Result "1-0"]
[WhiteElo "2314"]
[BlackElo "2092"]
[TimeControl "180+1"]
[EndTime "10:36:56 PDT"]
[Termination "ArnieChipmunk won by checkmate"]

1. e4 e6 2. Nf3 d5 3. Nc3 Nf6 4. e5 Nfd7 5. d4 c5 6. Bg5 Qb6 7.
dxc5 Bxc5 8. Qd2 Bxf2+ 9. Qxf2 Qxb2 10. Kd2 Qxa1 11. Bb5 Qxh1 12. Qc5 Qxg2+ 13. Kc1 Qxg5+ 14. Nxg5 Na6 15. Qd6 h6 16. Nxd5 exd5 17. e6 hxg5 18. Bxd7+ Kd8 19. e7# 1-0

[Event "*** SCC Grand Prix: Titled Tuesday Blitz"]
[Site "Chess.com"]
[Date "2020.07.07"]
[Round "4"]
[White "Dedic8"]
[Black "Kavyev_Ruslan"]
[Result "0-1"]
[WhiteElo "2769"]
[BlackElo "2547"]
[TimeControl "180+1"]
[EndTime "10:37:03 PDT"]
[Termination "Kavyev_Ruslan won by resignation"]

1. e4 c5 2. Nf3 e6 3. d4 cxd4 4. Nxd4 Nf6 5. Nc3 d6 6. g4 h6 7.
h4 Nc6 8. Nxc6 bxc6 9. Rg1 d5 10. g5 hxg5 11. hxg5 Nd7 12. exd5 cxd5 13. g6 f6 14. Nxd5 exd5 15. Qxd5 Qe7+ 16. Be3 Rb8 17. O-O-O Bb7 18. Qd2 Bf3 19. Re1 Ne5 20. Qa5 Qb4 21. Qxb4 Bxb4 22. Bxa7 Bxe1 23. Bxb8 Bxf2 0-1

[Event "*** SCC Grand Prix: Titled Tuesday Blitz"]
[Site "Chess.com"]
[Date "2020.07.07"]
[Round "4"]
[White "dopolian"]
[Black "quesfr"]
[Result "1-0"]
[WhiteElo "2414"]
[BlackElo "2210"]
[TimeControl "180+1"]
[EndTime "10:37:06 PDT"]
[Termination "dopolian won by resignation"]

1. e4 c5 2. Nf3 d6 3. d4 cxd4 4.
Nxd4 Nf6 5. Nc3 g6 6. Be3 Bg7 7. f3 Nc6 8. Qd2 O-O 9. g4 Be6 10.
O-O-O Qa5 11. a3 Rfc8 12. h4 Nxd4 13. Bxd4 b5 14. Nxb5 Qd8 15. h5 a6 16. Nc3 d5 17.
exd5 Rxc3 18. Bxc3 Nxd5 19. Bxg7 Kxg7 20. hxg6 1-0

[Event "*** SCC Grand Prix: Titled Tuesday Blitz"]
[Site "Chess.com"]
[Date "2020.07.07"]
[Round "4"]
[White "SaqoChess_Twitch"]
[Black "Meri-Arabidze"]
[Result "1-0"]
[WhiteElo "2431"]
[BlackElo "2588"]
[TimeControl "180+1"]
[EndTime "10:37:07 PDT"]
[Termination "SaqoChess_Twitch won by resignation"]

1. d4 d5 2. c4 dxc4 3. e4 Nc6 4. Nf3 Bg4 5. Bxc4 e6 6. Be3 Bxf3 7. gxf3 Nge7 8.
Nc3 Qd7 9. Ke2 O-O-O 10. d5 exd5 11. Nxd5 Nxd5 12. Qxd5 Qxd5 13. Bxd5 Ne5 14. f4 c6 15.
fxe5 cxd5 16. Rac1+ Kb8 17. Rhd1 d4 18. Rxd4 Be7 19.
f4 Rxd4 20. Bxd4 Rd8 21. Rd1 Rc8 22. Bc3 Rc7 23. f5 b5 24. f6 gxf6 25. exf6 b4 26. Be5 1-0

[Event "*** SCC Grand Prix: Titled Tuesday Blitz"]
[Site "Chess.com"]
[Date "2020.07.07"]
[Round "4"]
[White "MrTattaglia"]
[Black "Matibar"]
[Result "1-0"]
[WhiteElo "2933"]
[BlackElo "2736"]
[TimeControl "180+1"]
[EndTime "10:37:08 PDT"]
[Termination "MrTattaglia won by resignation"]

1. Nf3 f5 2. g3 g6 3. d4 Bg7 4. c4 Nf6 5. Bg2 O-O 6. O-O d6 7.
Nc3 c6 8. d5 Bd7 9. Nd4 Qe8 10.
Qb3 Na6 11. Qxb7 Nc5 12. Qc7 cxd5 13. Nxd5 Nxd5 14. Bxd5+ Kh8 15. Bxa8 Qxa8 16. Nb3 Rc8 17. Qa5 Ne6 18. Be3 a6 19. c5 d5 20. Rad1 Bb5 21.
Rfe1 g5 22. Bd4 Nxd4 23. Nxd4 Rxc5 24. a4 1-0

[Event "*** SCC Grand Prix: Titled Tuesday Blitz"]
[Site "Chess.com"]
[Date "2020.07.07"]
[Round "4"]
[White "PavelShkapenko"]
[Black "MateSchmate"]
[Result "1-0"]
[WhiteElo "2604"]
[BlackElo "2412"]
[TimeControl "180+1"]
[EndTime "10:37:10 PDT"]
[Termination "PavelShkapenko won by checkmate"]

1. e4 e6 2. d4 d5 3. exd5 exd5 4. Nf3 Bd6 5. c4 Nf6 6. Nc3 c6 7. Bg5 Be7 8. h3 O-O 9. Bd3 dxc4 10. Bxc4 Nbd7 11.
O-O Nb6 12. Bb3 Bf5 13. Re1 Re8 14. Ne5 Nfd5 15. Qf3 Be6 16. Bd2 Bf6 17. Ne4 Bxe5 18. dxe5 Nc7 19. Nd6 Re7 20. Bg5 Ncd5 21. Nxb7 Qc7 22.
Bxe7 Qxb7 23. Bd6 a5 24. Re4 a4 25. Bc2 Nd7 26. Rh4 g6 27. Rb1 Ra5 28. Be4 Rb5 29. Bxd5 Bxd5 30. Qe3 Bxa2 31. Qh6 Nf8 32. Qxf8# 1-0

[Event "*** SCC Grand Prix: Titled Tuesday Blitz"]
[Site "Chess.com"]
[Date "2020.07.07"]
[Round "4"]
[White "mbachez"]
[Black "Bhagya_2312"]
[Result "1-0"]
[WhiteElo "2429"]
[BlackElo "2118"]
[TimeControl "180+1"]
[EndTime "10:37:16 PDT"]
[Termination "mbachez won by resignation"]

1. d4 d5 2. c4 e6 3. Nc3 Be7 4. Nf3 Nf6 5. Bg5 O-O 6. e3 h6 7. Bxf6 Bxf6 8. cxd5 exd5 9. Bd3 Re8 10. O-O c6 11. Rc1 Be7 12. Ne5 Bd6 13. f4 Nd7 14.
Qh5 Qe7 15. Rce1 Nf6 16. Qf3 Nd7 17. Kh1 Nf8 18. e4 f6 19. exd5 fxe5 20. fxe5 Bb4 21. d6 Qe6 22. d5 cxd5 23. Nxd5 Nd7 24. Nxb4 1-0

[Event "*** SCC Grand Prix: Titled Tuesday Blitz"]
[Site "Chess.com"]
[Date "2020.07.07"]
[Round "4"]
[White "DishonorOnYourCow"]
[Black "TimKett"]
[Result "1-0"]
[WhiteElo "2325"]
[BlackElo "2161"]
[TimeControl "180+1"]
[EndTime "10:37:17 PDT"]
[Termination "DishonorOnYourCow won by resignation"]

1. d4 d5 2. c4 e6 3. Nc3 c5 4. cxd5 exd5 5. Nf3 Nc6 6. g3 Nf6 7. Bg2 cxd4 8. Nxd4 Bc5 9. Nxc6 bxc6 10. O-O O-O 11. Na4 Bb6 12. Nxb6 Qxb6 13. b3 Re8 14. Be3 Rxe3 15.
fxe3 Qxe3+ 16. Kh1 Ng4 17. Bxd5 Qh6 18. Bxf7+ 1-0

[Event "*** SCC Grand Prix: Titled Tuesday Blitz"]
[Site "Chess.com"]
[Date "2020.07.07"]
[Round "4"]
[White "FedaMaster"]
[Black "Mbneu"]
[Result "1-0"]
[WhiteElo "2435"]
[BlackElo "2251"]
[TimeControl "180+1"]
[EndTime "10:37:21 PDT"]
[Termination "FedaMaster won by resignation"]

1. e4 c5 2. d4 cxd4 3. c3 Nf6 4.
e5 Nd5 5. Qxd4 e6 6. Nf3 Nc6 7. Qe4 f5 8. Qe2 Be7 9. c4 Nc7 10. g3 a6 11. Bg2 b5 12. O-O Bb7 13. Nc3 b4 14. Na4 a5 15. Rd1 Na6 16. Be3 O-O 17. Nb6 f4 18. gxf4 Bc5 19. Nxd7 Bxe3 20. fxe3 Rf7 21.
Nf6+ gxf6 22. Rxd8+ Rxd8 23. exf6 Nc5 24. Ne5 Nxe5 25.
fxe5 Bxg2 26. Qxg2+ Kh8 27. Kh1 Rg8 28. Qe2 Rg5 29. Rg1 Rxg1+ 30. Kxg1 Ne4 1-0

[Event "*** SCC Grand Prix: Titled Tuesday Blitz"]
[Site "Chess.com"]
[Date "2020.07.07"]
[Round "4"]
[White "albano87"]
[Black "aliba25"]
[Result "0-1"]
[WhiteElo "2440"]
[BlackElo "2618"]
[TimeControl "180+1"]
[EndTime "10:37:22 PDT"]
[Termination "aliba25 won by resignation"]

1. d4 Nf6 2. Nf3 b5 3. g3 Bb7 4. Bg2 e6 5. O-O Be7 6. a4 b4 7. c4 a5 8. b3 O-O 9. Bb2 d6 10.
Nbd2 Nbd7 11. Qc2 c5 12. e4 cxd4 13. Nxd4 Qb6 14. Nb5 Rac8 15. Kh1 Rfd8 16. Bd4 Nc5 17. Qb2 e5 18. Be3 Ng4 19. Rae1 Nxe3 20. Rxe3 Bg5 21. f4 Bf6 22. Qc2 Nxa4 23. bxa4 Qxe3 24. Nb3 exf4 25.
Nxa5 Ba6 26. gxf4 Qb6 27. Nb3 Bxb5 28. axb5 Qxb5 29. cxb5 Rxc2 30. Rd1 Rc3 31. Na5 b3 32. e5 dxe5 0-1

[Event "*** SCC Grand Prix: Titled Tuesday Blitz"]
[Site "Chess.com"]
[Date "2020.07.07"]
[Round "4"]
[White "Roza_Idrisova"]
[Black "2346PL"]
[Result "1-0"]
[WhiteElo "2223"]
[BlackElo "2397"]
[TimeControl "180+1"]
[EndTime "10:37:22 PDT"]
[Termination "Roza_Idrisova won by resignation"]

1. d4 f5 2. Nf3 Nf6 3. g3 g6 4. Bg2 Bg7 5. O-O O-O 6. c4 d6 7.
Nc3 Qe8 8. d5 Na6 9. Rb1 c5 10.
dxc6 bxc6 11. e4 Nxe4 12. Nxe4 fxe4 13. Ng5 Nc5 14. Nxe4 Bf5 15. Re1 Nxe4 16. Bxe4 Qf7 17. Bxf5 Qxf5 18. Be3 d5 19. cxd5 cxd5 20. Rc1 e5 21.
Qxd5+ Kh8 22. Red1 h5 23. h4 Rab8 24. b3 a6 25. Rc7 Bf6 26. Qd7 Qxd7 27. Rdxd7 Ra8 28. Kf1 Kg8 29. Ke2 a5 30. Rb7 Rfc8 31. Rdc7 Rd8 32.
Rc6 Bg7 33. Rxg6 1-0

[Event "*** SCC Grand Prix: Titled Tuesday Blitz"]
[Site "Chess.com"]
[Date "2020.07.07"]
[Round "4"]
[White "isainz"]
[Black "angryhorse9"]
[Result "0-1"]
[WhiteElo "2159"]
[BlackElo "2405"]
[TimeControl "180+1"]
[EndTime "10:37:30 PDT"]
[Termination "angryhorse9 won on time"]

1. e4 c5 2. Nf3 Nc6 3. d4 cxd4 4. Nxd4 Nf6 5. Nc3 d6 6. Bg5 e6 7. Qd2 Qb6 8. O-O-O Qxd4 9. Qxd4 Nxd4 10. Rxd4 a6 11. Bc4 Bd7 12. Rhd1 Bc6 13. f3 Be7 14. Ne2 O-O 15.
Bb3 Rfd8 16. Nc3 Kf8 17. g4 Ne8 18. Bxe7+ Kxe7 19. h4 h6 20. h5 Rac8 21. Kd2 Nf6 22. Ke3 b5 23. a3 Bb7 24. Ne2 d5 25. exd5 Bxd5 26. Bxd5 Nxd5+ 0-1

[Event "*** SCC Grand Prix: Titled Tuesday Blitz"]
[Site "Chess.com"]
[Date "2020.07.07"]
[Round "4"]
[White "Izoria123"]
[Black "VladimirBelous"]
[Result "1-0"]
[WhiteElo "2912"]
[BlackElo "2722"]
[TimeControl "180+1"]
[EndTime "10:37:32 PDT"]
[Termination "Izoria123 won by resignation"]

1. Nf3 c5 2. c4 Nc6 3. Nc3 g6 4. e3 Bg7 5. d4 d6 6. h3 Nf6 7. d5 Na5 8. Be2 O-O 9. O-O a6 10. e4 e6 11. Bf4 exd5 12. exd5 Re8 13. Bd3 Qb6 14. b3 Qc7 15. Qd2 Bd7 16. Ng5 Rad8 17. Rae1 b6 18. Nce4 Nxe4 19. Nxe4 Nb7 20. Bg5 Rc8 21.
Nf6+ Kh8 22. Nxe8 Bxe8 23. Re7 Qb8 24. Rfe1 Kg8 25. Qe3 Kf8 26. Bh6 1-0

[Event "*** SCC Grand Prix: Titled Tuesday Blitz"]
[Site "Chess.com"]
[Date "2020.07.07"]
[Round "4"]
[White "stoleriu"]
[Black "ZEN-22"]
[Result "1-0"]
[WhiteElo "2589"]
[BlackElo "2399"]
[TimeControl "180+1"]
[EndTime "10:37:35 PDT"]
[Termination "stoleriu won by resignation"]

1. e4 e5 2. Nf3 Nc6 3. Bb5 f5 4. d3 Nf6 5. O-O fxe4 6. dxe4 Bd6 7. Nbd2 a6 8. Bxc6 dxc6 9. Nc4 Qe7 10. Bg5 O-O 11.
h3 h6 12. Bh4 g5 13. Bg3 Nxe4 14. Bxe5 Be6 15. Nxd6 cxd6 16. Re1 Bd5 17. c4 Bxc4 18. Rxe4 Bd5 19. Re3 dxe5 20. Nxe5 Qf6 21. Qc2 Rad8 22. Rae1 Qg7 23. Ng6 Rf6 24. Re8+ Rxe8 25. Rxe8+ 1-0

[Event "*** SCC Grand Prix: Titled Tuesday Blitz"]
[Site "Chess.com"]
[Date "2020.07.07"]
[Round "4"]
[White "VovenRogel"]
[Black "PSvidler"]
[Result "1/2-1/2"]
[WhiteElo "2712"]
[BlackElo "2995"]
[TimeControl "180+1"]
[EndTime "10:37:40 PDT"]
[Termination "Game drawn by repetition"]

1. d4 Nf6 2. c4 g6 3. Nc3 d5 4. cxd5 Nxd5 5. e4 Nxc3 6. bxc3 Bg7 7. Bc4 c5 8. Ne2 Nc6 9. Be3 O-O 10. h4 cxd4 11.
cxd4 Qa5+ 12. Kf1 Rd8 13. h5 Ne5 14. Bd2 Qc7 15. Bb3 Nc4 16. hxg6 hxg6 17. Bf4 e5 18. Bg5 Rxd4 19. Nxd4 exd4 20. Bh6 Be5 21. g3 b5 22. a4 Bb7 23. Rh4 a6 24. axb5 axb5 25. Rxa8+ Bxa8 26. Bf4 Qc5 27. Bxe5 Qxe5 28. Bxc4 bxc4 29. Qa4 Bxe4 30. Qxc4 Kg7 31. Qe2 Bg2+ 32. Ke1 Qa5+ 33. Qd2 Qa1+ 34. Qd1 Qc3+ 35. Qd2 Qa1+ 36. Qd1 Qc3+ 37. Qd2 Qa1+ 1/2-1/2

[Event "*** SCC Grand Prix: Titled Tuesday Blitz"]
[Site "Chess.com"]
[Date "2020.07.07"]
[Round "4"]
[White "Sven_Tica"]
[Black "Sam_ChessMood"]
[Result "1/2-1/2"]
[WhiteElo "2645"]
[BlackElo "2839"]
[TimeControl "180+1"]
[EndTime "10:37:41 PDT"]
[Termination "Game drawn by repetition"]

1. d4 Nf6 2. c4 e6 3. g3 d5 4. Bg2 Bb4+ 5. Bd2 Be7 6. Nf3 O-O 7. O-O Nbd7 8. Qc2 Ne4 9. Bf4 c6 10. h4 f5 11. Nc3 h6 12. Nxe4 fxe4 13. Ne5 Nxe5 14. Bxe5 Bd6 15. f3 Bxe5 16. dxe5 Bd7 17. fxe4 d4 18. Rad1 c5 19. e3 Qc7 20. exd4 cxd4 21.
Rxf8+ Rxf8 22. Qd2 Qxe5 23. Qxd4 Qxg3 24. Qxd7 Qf2+ 25. Kh1 Qxh4+ 26. Kg1 Qf2+ 27. Kh1 Qh4+ 28. Kg1 Qf2+ 29. Kh1 Qh4+ 1/2-1/2